 Dungeon Crawl Stone Soup version 0.27-a0-1105-g946c659c87 (webtiles) character file.

Game seed: 9694771534266908070

107 kodamatunes15 the Sneak (level 4, -3/32 HPs)
             Began as a Vampire Earth Elementalist on May 1, 2021.
             Killed from afar by Ijyb (6 damage)
             ... with a puff of flame
             ... on level 3 of the Dungeon.
             The game lasted 00:19:36 (2123 turns).

kodamatunes15 the Sneak (VpEE)                      Turns: 2123, Time: 00:19:36

Health: -3/32      AC:  5    Str:  7    XL:     4   Next: 57%
Magic:  7/7        EV: 14    Int: 17    God:
Gold:   107        SH:  0    Dex: 15    Spells: 6/7 levels left

rFire    . . .     SeeInvis +   i - +2 dagger (speed)
rCold    . . .     Faith    .   (no shield)
rNeg     . . .     Spirit   .   m - +0 ring mail
rPois    .         Reflect  .   (no helmet)
rElec    .         Harm     .   j - scarf {+Inv}
rCorr    .         Rampage  .   (no gloves)
Will     .....                  (no boots)
Stlth    ++........             (no amulet)
HPRegen  0.30/turn              u - +4 ring of evasion
MPRegen  0.10/turn              (no ring)

@: healing quickly
A: alive, fangs 3, see invisible, unbreathing 1, vampiric 2
a: Exsanguinate, Evoke Invisibility


You were on level 3 of the Dungeon.
You visited 1 branch of the dungeon, and saw 3 of its levels.

You collected 107 gold pieces.

Inventory:

Hand Weapons
 a - a +0 hunting sling
 d - a +0 whip
 h - a +0 dagger
 i - a +2 dagger of speed (weapon)
 l - a +0 spear
 n - a +0 short sword
 p - a +0 dagger of venom
 t - a +0 trident
Missiles
 b - 54 stones
 q - 9 poisoned darts
 s - 21 sling bullets
Armour
 c - a +0 robe
 e - a +0 leather armour
 f - a +0 robe
 j - a scarf of invisibility (worn)
 k - a +0 pair of boots
 m - a +0 ring mail (worn)
Jewellery
 u - a +4 ring of evasion (left hand)
Potions
 g - a potion of flight
 o - 2 potions of attraction {unknown}
 r - 2 potions of curing {unknown}


   Skills:
 + Level 1.1 Fighting
 + Level 2.1 Short Blades
 + Level 0.1 Maces & Flails
 + Level 0.9 Armour
 + Level 2.6 Dodging
 + Level 3.6 Stealth
 + Level 2.2 Spellcasting
 + Level 1.1 Transmutations
 + Level 3.5 Earth Magic


You had 6 spell levels left.
You knew the following spells:

 Your Spells              Type           Power      Damage    Failure   Level
a - Sandblast             Erth           28%        2d8       16%         1

Your spell library contained the following spells:

 Spells                   Type           Power      Damage    Failure   Level
 Passwall                 Tmut/Erth      7%         N/A       36%         2
 Stone Arrow              Conj/Erth      16%        3d8       67%         3
 Petrify                  Tmut/Erth      9%         N/A       94%         4
 Lee's Rapid Deconstruct  Erth           7%         3d7*      99%         5


Dungeon Overview and Level Annotations

Branches:
Dungeon (3/15)

Altars:

Annotations:
D:3 Ijyb


Innate Abilities, Weirdness & Mutations

Your natural rate of healing is accelerated.
You have razor-sharp teeth.
You have supernaturally acute eyesight. (SInv)
You can survive without breathing.
You are afflicted with vampirism and can become a bat while bloodless.


Message History

Your Short Blades skill increases to level 2!
You now have 107 gold pieces (gained 10).
Found 21 sling bullets.
You see here 21 sling bullets.
You see here 21 sling bullets.
s - 21 sling bullets
Found a stone staircase leading up.
Found a blackened peridot ring.
u - a +4 ring of evasion
Okay, then.
Annotate which branch? (. - D:3, ? - help, ! - show branch list)
Okay, then.
You can't see any susceptible monsters within range! (Use Z to cast anyway.) Unknown command.
u - a +4 ring of evasion (left hand) Ijyb the Twisted Goblin comes into view.
She is wielding a +0 club, wearing a +2 leather armour of positive energy and carrying a wand of flame (21).
Found 12 poisoned darts.
Ijyb shouts!
Ijyb zaps a wand.
The puff of flame hits you!
Ijyb zaps a wand.
The puff of flame hits you!
You see here 12 poisoned darts.
You hit Ijyb but do no damage. You hit Ijyb but do no damage. Ijyb misses you.
You hit Ijyb but do no damage. You hit Ijyb but do no damage.
Ijyb barely misses you.
You hit Ijyb.
Ijyb is lightly wounded.
You hit Ijyb.
Ijyb is lightly wounded.
Ijyb zaps a wand.
The puff of flame hits you!
You hit Ijyb but do no damage. Your bite misses Ijyb.
Ijyb is lightly wounded.
You closely miss Ijyb.
Ijyb is lightly wounded.
Ijyb zaps a wand.
The puff of flame hits you!
* * * LOW HITPOINT WARNING * * *
You closely miss Ijyb. You bite Ijyb, but do no damage.
Ijyb is lightly wounded.
Ijyb zaps a wand.
The puff of flame hits you.
You die...

#.##.# #.# #.......
#..#.# #.# ######.#
##.#.# #.# #.# #.#.#
#.### #.# #. #<#.#
....# #.#
#.####.#.##.#...###.#
#.# .
#...........#........
..#
..##........##.#...#
###
......###.####..@..#
..........# ###g###
.........## #.#
.#####...# ##(#####.#
#..## #........#
#..#######.....####
#..............#
#.########.....# #.#
#.....#


You could see Ijyb.

Vanquished Creatures
  A hound zombie (D:3)
  4 adders
  A worm (D:2)
  A dart slug (D:1)
  An orc (D:2)
  5 ball pythons
  2 endoplasms
  5 giant cockroaches
  6 goblins
  5 hobgoblins
  4 jackals (D:2)
  A quokka (D:1)
  A bat (D:1)
  4 frilled lizards
  5 kobolds
  3 rats
49 creatures vanquished.

Vanquished Creatures (others)
  2 plants (D:2)
2 creatures vanquished.

Grand Total: 51 creatures vanquished

Notes
Turn   | Place    | Note
-------+----------+-------------------------------------------
     0 | D:1      | kodamatunes15 the Vampire Earth Elementalist began the
                  | quest for the Orb.
     0 | D:1      | Reached XP level 1. HP: 13/13 MP: 3/3
   305 | D:1      | Reached XP level 2. HP: 19/19 MP: 5/5
   579 | D:1      | Found a faded altar of an unknown god.
   924 | D:2      | Gained mutation: You are afflicted with vampirism and can
                  | become a bat while bloodless. [Vampire growth]
   924 | D:2      | Reached XP level 3. HP: 25/25 MP: 6/6
  1098 | D:2      | Reached skill level 1 in Fighting
  1156 | D:2      | Reached skill level 1 in Short Blades
  1305 | D:2      | Reached XP level 4. HP: 29/32 MP: 7/7
  2104 | D:3      | Noticed Ijyb
  2123 | D:3      | Killed from afar by Ijyb

Illustrated notes

Levels and vault maps discovered:
D:1:      dpeg_arrival_arbitrary_c, layout_loops_ring,
          ebering_ecumenical_altar_webs, grunt_decor_fettered,
          minmay_misc_feat_pillars, grunt_decor_junction, minmay_tromino_v2
D:2:      layout_rooms, serial_forest, infiniplex_forest_straight_3,
          infiniplex_forest_lined_corner, infiniplex_forest_lined_3,
          infiniplex_forest_end_1, infiniplex_forest_clump_long,
          infiniplex_forest_clump_tiny, infiniplex_forest_end_double,
          st_stairs_8, due_unseen_surprise
D:3:      layout_loops_ring, uniq_ijyb

Skill      XL: |  1  2  3  4 |
---------------+-------------+-----
Fighting       | 1 |  1.1
Short Blades   | 1 2 |  2.1
Maces & Flails | |  0.1
Armour         | |  0.9
Dodging        | |  2.6
Stealth        | |  3.6
Spellcasting   | |  2.2
Transmutations | |  1.1
Earth Magic    | |  3.5

Action                   |  1- 3 |  4- 6 || total
-------------------------+-------+-------++-------
Melee: Whip              |    40 |       ||    40
       Dagger            |   125 |    84 ||   209
       Bite              |    16 |     5 ||    21
  Use: Scroll            |     4 |     1 ||     5
 Stab: Sleeping          |     2 |       ||     2
Armor: Robe              |     6 |       ||     6
       Leather armour    |     9 |       ||     9
       Ring mail         |    37 |    21 ||    58
Dodge: Dodged            |    86 |    23 ||   109

Table legend: (Time is in decaauts)
 A = Elapsed time spent in this place.
 B = Non-inter-level travel time spent in this place.
 C = Inter-level travel time spent in this place.
 D = Time resting spent in this place.
 E = Time spent auto-exploring this place.
 F = Levels seen in this place.
 G = Mean time per level.
                   A        B        C        D        E       F      G
               +--------+--------+--------+--------+--------+-----+--------+
         Total |   2050 |   2040 |     10 |      0 |      0 |   3 |  683.3 |
       Dungeon |   2050 |   2040 |     10 |      0 |      0 |   3 |  683.3 |
               +--------+--------+--------+--------+--------+-----+--------+

Top non-repeatable levels by time:
     D:2: 994 daAuts
     D:1: 806 daAuts
     D:3: 248 daAuts
